 Dungeon Crawl Stone Soup version 0.25.0-9-g26727b657a (webtiles) character file.

Game seed: 12425519947192480785

1114 vurker the Vexing (level 8, -5/60 HPs)
             Began as a Gnoll Arcane Marksman on June 19, 2020.
             Was a Follower of Cheibriados.
             Slain by an ice beast (14 damage)
             ... on level 6 of the Dungeon.
             The game lasted 00:12:31 (7761 turns).

vurker the Vexing (Gnoll Arcane Marksman)           Turns: 7761, Time: 00:12:32

Health: -5/60      AC: 15    Str: 15    XL:     8   Next: 34%
Magic:  14/14      EV:  6    Int: 19    God:    Cheibriados [*.....]
Gold:   307        SH:  0    Dex: 18    Spells: 15/15 levels left

rFire    . . .     SeeInvis .   w - +2 dire flail (drain)
rCold    . . .     Gourm    .   (shield currently unavailable)
rNeg     + . .     Faith    .   n - +1 plate armour {rN+}
rPois    .         Spirit   .   t - +2 hat
rElec    .         Reflect  .   k - +0 cloak
rCorr    .         Harm     .   (no gloves)
MR       .....                  (no boots)
Stlth    ..........             (no amulet)
HPRegen  0.20/turn              (no ring)
MPRegen  0.14/turn              (no ring)

@: very slightly contaminated, very slow
A: distributed training, fangs 1, strong nose
a: Bend Time, Renounce Religion


You were on level 6 of the Dungeon.
You worshipped Cheibriados.
Cheibriados was aware of your devotion.
You were not hungry.

You visited 1 branch of the dungeon, and saw 6 of its levels.

You collected 307 gold pieces.

Inventory:

Hand Weapons
 w - a +2 dire flail of draining (weapon)
   (You took it off Blork the orc on level 5 of the Dungeon)
Missiles
 s - 7 poisoned darts (quivered)
Armour
 k - a +0 cloak (worn)
   (You took it off Crazy Yiuf on level 5 of the Dungeon)
 n - a +1 plate armour of positive energy (worn)
   (You found it on level 3 of the Dungeon)
 t - a +2 hat (worn)
   (You found it on level 4 of the Dungeon)
Magical Staves
 d - an uncursed staff of energy
   (You found it on level 5 of the Dungeon)
Jewellery
 h - a +4 ring of evasion
   (You took it off a kobold on level 3 of the Dungeon)
Wands
 u - a wand of paralysis (12)
   (You found it on level 5 of the Dungeon)
Scrolls
 b - 3 scrolls of remove curse
 f - 2 scrolls of identify
 g - 3 scrolls of teleportation
 l - a scroll of enchant weapon
 m - 2 scrolls of amnesia
 o - a scroll of enchant armour
Potions
 i - 2 potions of curing
 j - a potion of mutation
 p - a potion of cancellation
Comestibles
 e - 10 rations


   Skills:
 + Level 4.1 Fighting
 + Level 3.1 Short Blades
 + Level 3.1 Long Blades
 + Level 3.1 Axes
 + Level 3.1 Maces & Flails
 + Level 3.1 Polearms
 + Level 3.1 Staves
 + Level 3.1 Slings
 + Level 3.1 Bows
 + Level 3.1 Crossbows
 + Level 5.6 Throwing
 + Level 3.1 Armour
 + Level 5.6 Dodging
 + Level 3.1 Stealth
 + Level 3.1 Shields
 + Level 3.1 Unarmed Combat
 + Level 4.2 Spellcasting
 + Level 2.5 Conjurations
 + Level 6.0 Hexes
 + Level 2.5 Charms
 + Level 2.5 Summonings
 + Level 2.5 Necromancy
 + Level 2.5 Translocations
 + Level 2.5 Transmutations
 + Level 2.5 Fire Magic
 + Level 2.5 Ice Magic
 + Level 2.5 Air Magic
 + Level 2.5 Earth Magic
 + Level 2.5 Poison Magic
 + Level 3.4 Invocations
 + Level 3.1 Evocations


You had 15 spell levels left.
You didn't know any spells.
Your spell library contained the following spells:

 Spells                   Type           Power        Failure   Level  Hunger
 Corona                   Hex            ####...      65%         1    None
 Slow                     Hex            ####....     78%         2    #......
 Magic Dart               Conj           ##..         98%         1    None
 Searing Ray              Conj           ##....       99%         2    #......
 Dazzling Flash           Conj/Hex       ###...       99%         3    ###....
 Inner Flame              Hex/Fire       ###.....     99%         3    ###....
 Portal Projectile        Hex/Tloc       ###...       99%         3    ###....
 Cause Fear               Hex            ####......   100%        4    ####...
 Fulminant Prism          Conj/Hex       ###.......   100%        4    ####...
 Iskenderun's Mystic Bla  Conj/Tloc      ##......     100%        4    ####...
 Leda's Liquefaction      Hex/Erth       ###.......   100%        4    ####...


Dungeon Overview and Level Annotations

Branches:
Dungeon (6/15)             Temple (0/1) D:4

Altars:
Ashenzari
Cheibriados
Dithmenos
Fedhas
Makhleb
Okawaru
Sif Muna
Uskayaw
Wu Jian
Yredelemnul
Zin
The Shining One

Annotations:
D:3 3 runed translucent doors, DevastatorOne's ghost, amateur TrFi
D:4 exclusion: oklob plant
D:5 2 transporters


Innate Abilities, Weirdness & Mutations

Your experience applies equally to all skills.
You have very sharp teeth.
Your uncanny sense of smell can sniff out nearby items.


Message History

The silver javelin closely misses the orc.
The ice beast closely misses you.
Throwing (i - inventory)
s - 7 poisoned darts (quivered)
Aim: an orc, wielding a +0 club and wearing a +0 scale mail
Okay, then.
You closely miss the ice beast. Your bite misses the ice beast.
The ice beast hits you. The ice beast freezes you!
* * * LOW HITPOINT WARNING * * *
The ice beast hits you.
* * * LOW HITPOINT WARNING * * *
The ice beast freezes you!
* * * LOW HITPOINT WARNING * * *
Unknown command.
Unknown command.
Okay, then.
You closely miss the ice beast. The ice beast hits you.
* * * LOW HITPOINT WARNING * * *
The ice beast freezes you!
* * * LOW HITPOINT WARNING * * *
Here: an ice beast (moderately wounded)
A +0 dagger.
There is something else lying underneath.
The floor, spattered with blood.
You fade into invisibility!
The ice beast hits you.
* * * LOW HITPOINT WARNING * * *
The ice beast freezes you.
* * * LOW HITPOINT WARNING * * *
You are very lightly contaminated with residual magic.
You feel better.
The ice beast hits you but does no damage.
Your plate armour prevents you from hitting the ice beast.
Your bite misses the ice beast.
The ice beast hits you but does no damage.
Your plate armour prevents you from hitting the ice beast.
The ice beast closely misses you. The ice beast hits you.
* * * LOW HITPOINT WARNING * * *
The ice beast freezes you!
* * * LOW HITPOINT WARNING * * *
Okay, then.
The ice beast barely misses you.
You feel better.
You flicker for a moment.
The ice beast barely misses you.
The ice beast hits you but does no damage.
You flicker back into view.
The ice beast hits you.
* * * LOW HITPOINT WARNING * * *
The ice beast freezes you!
You die...

.# .# .#############.
.######.#...oY@..(....
........#.############
#...##.# #.#))..#
#.).#### #.#.#.#
#...)<.....#
#.#.#.#o##.# .........
.#


You could see an ice beast and an orc.

Vanquished Creatures
  Eustachio (D:5)
  2 ogres
  A centaur (D:6)
  Blork the orc (D:5)
  A water moccasin zombie (D:5)
  A water moccasin skeleton (D:4)
  A bullfrog zombie (D:5)
  Crazy Yiuf (D:5)
  2 orc wizards
  Jessica (D:3)
  4 worker ants
  A worker ant zombie (D:6)
  Robin (D:2)
  3 gnolls (D:5)
  5 adders
  A shadow imp (D:5)
  An adder skeleton (D:5)
  3 worms
  2 dart slugs
  3 leopard geckos
  10 orcs
  8 giant cockroaches
  19 goblins
  12 hobgoblins
  7 jackals
  7 kobolds
  2 quokkas
  3 ball pythons
  8 bats
  6 frilled lizards
  A giant cockroach zombie (D:5)
  11 rats
130 creatures vanquished.

Vanquished Creatures (others)
  An ogre (D:5)
1 creature vanquished.

Grand Total: 131 creatures vanquished

Notes
Turn   | Place    | Note
-------+----------+-------------------------------------------
     0 | D:1      | vurker the Gnoll Arcane Marksman began the quest for the
                  | Orb.
     0 | D:1      | Reached XP level 1. HP: 17/17 MP: 4/4
   219 | D:1      | Reached XP level 2. HP: 18/23 MP: 5/5
   683 | D:1      | Reached XP level 3. HP: 22/28 MP: 7/7
  1114 | D:1      | Reached skill level 1 in Invocations
  1667 | D:2      | Reached skill level 1 in Short Blades
  1667 | D:2      | Reached skill level 1 in Long Blades
  1667 | D:2      | Reached skill level 1 in Axes
  1667 | D:2      | Reached skill level 1 in Maces & Flails
  1667 | D:2      | Reached skill level 1 in Polearms
  1667 | D:2      | Reached skill level 1 in Staves
  1667 | D:2      | Reached skill level 1 in Slings
  1667 | D:2      | Reached skill level 1 in Bows
  1667 | D:2      | Reached skill level 1 in Crossbows
  1667 | D:2      | Reached skill level 1 in Armour
  1667 | D:2      | Reached skill level 1 in Stealth
  1667 | D:2      | Reached skill level 1 in Shields
  1667 | D:2      | Reached skill level 1 in Unarmed Combat
  1667 | D:2      | Reached skill level 1 in Evocations
  1915 | D:2      | Reached XP level 4. HP: 17/34 MP: 8/8
  2594 | D:2      | Reached skill level 1 in Conjurations
  2594 | D:2      | Reached skill level 1 in Charms
  2594 | D:2      | Reached skill level 1 in Summonings
  2594 | D:2      | Reached skill level 1 in Necromancy
  2594 | D:2      | Reached skill level 1 in Translocations
  2594 | D:2      | Reached skill level 1 in Transmutations
  2594 | D:2      | Reached skill level 1 in Fire Magic
  2594 | D:2      | Reached skill level 1 in Ice Magic
  2594 | D:2      | Reached skill level 1 in Air Magic
  2594 | D:2      | Reached skill level 1 in Earth Magic
  2594 | D:2      | Reached skill level 1 in Poison Magic
  2662 | D:2      | Found a glowing golden altar of the Shining One.
  3032 | D:2      | Noticed Robin
  3185 | D:1      | Reached XP level 5. HP: 30/40 MP: 9/9
  3333 | D:2      | Killed Robin
  4004 | D:3      | Noticed Jessica
  4057 | D:3      | Killed Jessica
  4667 | D:3      | Reached XP level 6. HP: 34/47 MP: 10/10
  4833 | D:3      | Found a basalt altar of Yredelemnul.
  4833 | D:3      | Found a shimmering blue altar of Sif Muna.
  5194 | D:3      | Found a faded altar of an unknown god.
  5512 | D:3      | Found a runed translucent gate.
  5512 | D:3      | Found a runed translucent gate.
  5512 | D:3      | Found a runed translucent gate.
  5512 | D:3      | Noticed DevastatorOne's ghost (amateur TrFi)
  5733 | D:4      | Found a snail-covered altar of Cheibriados.
  5737 | D:4      | Became a worshipper of Cheibriados the Contemplative
  5897 | D:4      | Found a staircase to the Ecumenical Temple.
  5915 | D:4      | Found an ornate altar of the Wu Jian Council.
  5930 | D:4      | Found a burning altar of Makhleb.
  5935 | D:4      | Found an iron altar of Okawaru.
  5935 | D:4      | Found a hide-covered altar of Uskayaw.
  5993 | D:4      | Reached skill level 5 in Throwing
  5993 | D:4      | Reached skill level 5 in Dodging
  6126 | D:4      | Found a blossoming altar of Fedhas.
  6142 | D:4      | Noticed an oklob plant
  6257 | D:4      | Found a shattered altar of Ashenzari.
  6260 | D:4      | Found a glowing silver altar of Zin.
  6352 | D:5      | Entered Level 5 of the Dungeon
  6352 | D:5      | Found a transporter.
  6564 | D:5      | Reached XP level 7. HP: 48/52 MP: 12/12
  6617 | D:5      | Noticed a kobold demonologist
  6624 | D:5      | Found a transporter.
  6853 | D:5      | Noticed Eustachio
  6871 | D:5      | Killed Eustachio
  6998 | D:5      | Reached * piety under Cheibriados
  7217 | D:5      | Found a shadowy altar of Dithmenos.
  7362 | D:5      | Noticed Blork the orc
  7369 | D:5      | Killed Blork the orc
  7369 | D:5      | Reached XP level 8. HP: 42/60 MP: 12/14
  7660 | D:5      | Found a runed translucent door.
  7661 | D:5      | Noticed Crazy Yiuf
  7668 | D:5      | Killed Crazy Yiuf
  7668 | D:5      | Reached skill level 6 in Hexes
  7750 | D:6      | HP: 2/60 [ice beast (6)]
  7761 | D:6      | Slain by an ice beast

Illustrated notes

Levels and vault maps discovered:
D:1:      erik_arrival_orb_chamber, layout_basic, interstate_on_off,
          minmay_liquid_box, minivault_19
D:2:      minmay_evil_eye, layout_basic, lemuel_altar_in_water, uniq_robin
D:3:      layout_loops_ring, grunt_temple_overflow_open,
          gammafunk_ghost_necromancy, chequers_ecumenical_altar_twisty,
          uniq_jessica
D:4:      layout_rooms, minitemple, tgw_fedhas, grunt_temple_overflow_diamond,
          minmay_temple_entry_large_hall
D:5:      gammafunk_wand_slinger, layout_loops_ring, marbit_many_paths,
          first_ration, grunt_ministairs_7, uniq_blork_the_orc,
          uniq_crazy_yiuf_cottage, uniq_eustachio
D:6:      layout_loops_ring, bloody_trog, grunt_ministairs_11,
          trog_butcher_becter

Skill      XL: |  1  2  3  4  5  6  7  8 |
---------------+-------------------------+-----
Invocations    | 1 2 3 |  3.4
Short Blades   | 1 2 3 |  3.1
Long Blades    | 1 2 3 |  3.1
Axes           | 1 2 3 |  3.1
Maces & Flails | 1 2 3 |  3.1
Polearms       | 1 2 3 |  3.1
Staves         | 1 2 3 |  3.1
Slings         | 1 2 3 |  3.1
Bows           | 1 2 3 |  3.1
Crossbows      | 1 2 3 |  3.1
Armour         | 1 2 3 |  3.1
Stealth        | 1 2 3 |  3.1
Shields        | 1 2 3 |  3.1
Unarmed Combat | 1 2 3 |  3.1
Evocations     | 1 2 3 |  3.1
Spellcasting   | 3 4 |  4.2
Conjurations   | 1 2 |  2.5
Charms         | 1 2 |  2.5
Summonings     | 1 2 |  2.5
Necromancy     | 1 2 |  2.5
Translocations | 1 2 |  2.5
Transmutations | 1 2 |  2.5
Fire Magic     | 1 2 |  2.5
Ice Magic      | 1 2 |  2.5
Air Magic      | 1 2 |  2.5
Earth Magic    | 1 2 |  2.5
Poison Magic   | 1 2 |  2.5
Fighting       | 3 4 |  4.1
Throwing       | 5 |  5.6
Dodging        | 5 |  5.6
Hexes          | 6 |  6.0

Action                   |  1- 3 |  4- 6 |  7- 9 || total
-------------------------+-------+-------+-------++-------
Melee: Unarmed           |   186 |       |       ||   186
       Bite              |    32 |    39 |     7 ||    78
       Short sword       |    79 |     3 |       ||    82
       Dagger            |     4 |       |       ||     4
       Punch             |     2 |     5 |       ||     7
       Whip              |       |   405 |    42 ||   447
       Falchion          |       |       |    10 ||    10
       Dire flail        |       |       |    34 ||    34
Throw: Javelin           |       |    16 |    14 ||    30
       Throwing net      |       |     3 |       ||     3
       Dart              |       |       |     4 ||     4
 Cast: Corona            |     1 |       |       ||     1
  Use: Potion            |       |     1 |     4 ||     5
       Scroll            |       |     9 |     1 ||    10
 Stab: Sleeping          |       |     3 |       ||     3
  Eat: Chunk             |     3 |    16 |     3 ||    22
Armor: Ring mail         |    80 |   113 |       ||   193
       Robe              |     1 |       |       ||     1
       Plate armour      |       |    40 |    57 ||    97
Dodge: Dodged            |   225 |   235 |    25 ||   485
       Rpst.: Falchion   |       |       |     1 ||     1
